 Dungeon Crawl Stone Soup version 0.29.1 (webtiles) character file.

Game seed: 16128345214705912332

106294 Brecoman the Grappler (level 16, -4/135 HPs)
             Began as a Gnoll Transmuter on Sept 11, 2022.
             Was a Follower of Uskayaw.
             Slain by a six-headed hydra (9 damage)
             ... on level 15 of the Dungeon on Sept 14, 2022.
             The game lasted 02:45:23 (28977 turns).

Brecoman the Grappler (Gnoll Transmuter)           Turns: 28977, Time: 02:45:24

Health: -4/135     AC: 12    Str:  7 (11) XL:     16   Next: 43%
Magic:  30/32      EV: 14    Int: 19      God:    Uskayaw [*.....]
Gold:   210        SH:  0    Dex: 12 (14) Spells: 7/39 levels left

rFire   + + .      SeeInvis .     - Unarmed
rCold   + + +      Faith    .   (shield currently unavailable)
rNeg    . . .      Spirit   .   (body armour currently unavailable)
rPois   +          Reflect  .   (helmet currently unavailable)
rElec   .          Harm     .   (cloak currently unavailable)
rCorr   +          Rampage  .   (gloves currently unavailable)
Will    +....                   (boots currently unavailable)
Stlth   +++++.....              J - amulet of Vitality {RegenMP++ Regen++}
HPRegen 1.92/turn               z - ring "Wost" {Wiz rF+++ rCorr Str-5}
MPRegen 1.03/turn               w - +6 ring of intelligence

@: about to teleport, ice-form
A: freezing attack, amphibious, boosted hp, large, (fangs 1), strong nose,
distributed training, (iridescent scales 1), deterioration 2, frail 1, wild
magic 1, no potion heal 1
a: End Transformation, Renounce Religion, Stomp


You were on level 15 of the Dungeon.
You worshipped Uskayaw.
Uskayaw was pleased with you.
You were a creature of crystalline ice.
You visited 3 branches of the dungeon, and saw 22 of its levels.
You also visited: Bailey and Ice Cave.

You collected 3414 gold pieces.
You spent 3204 gold pieces at shops.

Inventory:

Missiles
 f - 247 stones
 r - 5 silver boomerangs
 v - 34 poisoned darts
 C - 38 boomerangs (quivered)
 E - 3 throwing nets
 H - 6 javelins
Armour
 y - a +2 pair of gloves (melded)
 M - a +0 pair of boots (melded)
 P - the +4 plate armour "Fiumidua" (melded) {Str+5 Dex+4 SInv}
   (You bought it in a shop on level 4 of the Dungeon)

   Str:       It affects your strength (+5).
   Dex:       It affects your dexterity (+4).
   SInv:      It lets you see invisible.
 Q - a +0 buckler (melded)
Jewellery
 e - the amulet of Xiheduaffu {Reflect Str+4 SH+5}
   (You bought it in a shop on level 9 of the Dungeon)

   [amulet of reflection]

   It reflects blocked missile attacks.
   Str:       It affects your strength (+4).
   SH:        It affects your SH (+5).
 q - a ring of willpower
 w - a +6 ring of intelligence (right front paw)
 z - the ring "Wost" (left front paw) {Wiz rF+++ rCorr Str-5}
   (You acquired it on level 10 of the Dungeon)

   [ring of wizardry]

   It improves your spell success rate.
   Str:       It affects your strength (-5).
   rF:        It renders you almost immune to fire.
   rCorr:     It protects you from acid and corrosion.
 D - a ring of flight
 J - the amulet of Vitality (around neck) {RegenMP++ Regen++}
   (You found it on level 9 of the Dungeon)

   [amulet of magic regeneration]

   It increases your rate of magic regeneration.
   Regen:     It increases your rate of health regeneration.
Wands
 j - a wand of mindburst (10)
 A - a wand of acid (13)
 G - a wand of paralysis (14)
 N - a wand of iceblast (6)
 T - a wand of flame (6)
Scrolls
 g - 4 scrolls of poison
 m - a scroll of fog
 n - 11 scrolls of identify
 p - 6 scrolls of teleportation
 u - a scroll of silence
 x - 2 scrolls of enchant armour
 F - a scroll of torment
 I - 2 scrolls of amnesia
 R - 4 scrolls of magic mapping
 S - a scroll of enchant weapon
 Y - a scroll of fear
Potions
 b - 4 potions of lignification
 c - 3 potions of attraction
 h - a potion of brilliance
 i - 6 potions of flight
 k - 5 potions of mutation
 l - 3 potions of haste
 o - 6 potions of might
 s - 5 potions of invisibility
 t - 2 potions of resistance
 K - 4 potions of magic
 L - 4 potions of ambrosia
 O - 4 potions of curing
 U - a potion of berserk rage
Miscellaneous
 a - a phial of floods
 d - a phantom mirror
 W - a phantom mirror


   Skills:
 + Level 11.5 Fighting
 + Level 11.2 Short Blades
 + Level 11.2 Long Blades
 + Level 11.2 Axes
 + Level 11.2 Maces & Flails
 + Level 11.2 Polearms
 + Level 11.2 Staves
 + Level 11.2 Ranged Weapons
 + Level 11.2 Throwing
 + Level 11.2 Armour
 + Level 12.1 Dodging
 + Level 11.2 Stealth
 + Level 11.2 Shields
 + Level 12.9 Unarmed Combat
 + Level 12.2 Spellcasting
 + Level 9.5 Conjurations
 + Level 9.5 Hexes
 + Level 9.5 Summonings
 + Level 9.5 Necromancy
 + Level 9.5 Translocations
 + Level 10.2 Transmutations
 + Level 9.5 Fire Magic
 + Level 9.5 Ice Magic
 + Level 9.5 Air Magic
 + Level 9.5 Earth Magic
 + Level 9.5 Poison Magic
 + Level 12.2 Invocations
 + Level 11.2 Evocations


You had 7 spell levels left.
You knew the following spells:

 Your Spells              Type           Power      Damage    Failure   Level
a - Beastly Appendage     Tmut           100%       N/A       1%          1
b - Wereblood             Tmut           60%        N/A       1%          2
c - Swiftness             Air            58%        N/A       1%          3
d - Call Canine Familiar  Summ           58%        N/A       1%          3
e - Spider Form           Tmut/Pois      59%        N/A       1%          3
f - Ice Form              Ice/Tmut       59%        N/A       1%          4
g - Blade Hands           Tmut           30%        N/A       1%          5
h - Passwall              Tmut/Erth      49%        N/A       1%          2
i - Hailstorm             Conj/Ice       58%        3d13      1%          4
j - Alistair's Intoxicat  Tmut/Pois      39%        N/A       1%          5

Your spell library contained the following spells:

 Spells                   Type           Power      Damage    Failure   Level
 Shock                    Conj/Air       100%       1d9       1%          1
 Slow                     Hex            100%       N/A       1%          1
 Summon Small Mammal      Summ           100%       N/A       1%          1
 Ensorcelled Hibernation  Hex/Ice        100%       N/A       1%          2
 Conjure Flame            Conj/Fire      58%        6-21      1%          3
 Gell's Gravitas          Tloc           58%        N/A       1%          3
 Lesser Beckoning         Tloc           58%        N/A       1%          3
 Portal Projectile        Hex/Tloc       100%       N/A       1%          3
 Summon Guardian Golem    Hex/Summ       58%        N/A       1%          3
 Teleport Other           Tloc           58%        N/A       1%          3
 Tukima's Dance           Hex            58%        N/A       1%          3
 Airstrike                Air            29%        2d(5-21)  1%          4
 Yara's Violent Unravell  Hex/Tmut       29%        3d12      1%          5
 Metabolic Englaciation   Hex/Ice        29%        N/A       2%          5
 Conjure Ball Lightning   Conj/Air       29%        3x3d8     11%         6
 Monstrous Menagerie      Summ           29%        N/A       45%         7
 Discord                  Hex            29%        N/A       97%         8
 Disjunction              Tloc           29%        N/A       97%         8


Dungeon Overview and Level Annotations

Branches:
Dungeon (15/15)            Temple (0/1) D:7            Lair (5/5) D:8
  Swamp (0/4) Lair:3       Spider (0/4) Lair:3        Slime (0/5) Lair:4
    Orc (2/2) D:11            Elf (0/3) Orc:2        Vaults (0/5) D:13
 Bailey (visited)           IceCv (visited)
 Depths: D:15

Altars:
Ashenzari
Elyvilon
Fedhas
Makhleb
Nemelex Xobeh
Okawaru
Qazlal
Ru
Sif Muna
Trog
Uskayaw
Xom

Shops:
D:2 [   D:4 ***[!   D:7 *(*=(   D:9 *   D:13 !   D:14 *?*[   Orc:1 *(
Orc:2 =(!?

Portals:
Pandemonium: Orc:2

Annotations:
D:7 1 transporter, Shavain's ghost, novice DsCK
Lair:1 3 runed translucent doors
Lair:4 1 runed translucent door


Innate Abilities, Weirdness & Mutations

You are a creature of crystalline ice.
You have a powerful freezing melee attack.
You are amphibious.
Your maximum health is increased.
Your armour is entirely melded.
You are incapable of wielding weapons or throwing items.
((You have very sharp teeth.))
Your uncanny sense of smell can sniff out nearby items.
Your experience applies equally to all skills.
((You are partially covered in iridescent scales. (AC +2)))
Your body often deteriorates upon taking damage.
You are frail. (-10% HP)
Your spells are a little harder to cast, but a little more powerful.
Potions are less effective at restoring your health.


Message History

The six-headed hydra barely misses you.
The six-headed hydra closely misses you.
The six-headed hydra barely misses you.
Aiming: Line Pass
Press: ? - help, Dir - move target The six-headed hydra appears confused. 4 centaurs come into view.
You can no longer pass through a line of other dancers.
As you read the scroll of teleportation, it crumbles to dust.
You feel strangely unstable.
The centaur shouts! x2; The centaur warrior shouts!
You hear a shout!
The centaur wields a +0 shortbow.
The centaur shoots an arrow.
The arrow closely misses you.
The centaur wields a +0 shortbow.
The centaur shoots an arrow.
The arrow misses you. The six-headed hydra bites you!
* * * LOW HITPOINT WARNING * * *
The six-headed hydra bites you!
* * * LOW HITPOINT WARNING * * *
The six-headed hydra bites you but does no damage.
The six-headed hydra closely misses you.
The six-headed hydra misses you.
The six-headed hydra completely misses you.
The centaur shoots an arrow.
The arrow misses you.
Your system partially rejects the healing.
You feel much better.
The six-headed hydra seems less confused.
The centaur shoots an arrow.
The arrow closely misses you.
A centaur comes into view.
The centaur shoots an arrow.
The arrow completely misses you.
The centaur wields a +0 shortbow.
The centaur shoots an arrow.
The arrow barely misses you. The six-headed hydra bites you.
* * * LOW HITPOINT WARNING * * *
The six-headed hydra bites you but does no damage.
The six-headed hydra bites you.
* * * LOW HITPOINT WARNING * * *
The six-headed hydra closely misses you.
The six-headed hydra bites you.
* * * LOW HITPOINT WARNING * * *
The six-headed hydra bites you!
You die...

# ## ### ### ### ###
##8###8###8###8###8###..
.....................#.#
.....................#.#
.......D####..#.........
#^..c..Y).....#.........
#......######.#.........
..c.... ..#.........
.cc...c ###.........
....... #.........
....c?. #.........
..#.... #.........
..#.... #######.........
#.p......#######


You could see a six-headed hydra, a centaur warrior and 5 centaurs.

Vanquished Creatures
  Kirke (D:15)
  An orc warlord (Bailey)
  An ice dragon (IceCv)
  A fire dragon (Lair:5)
  Harold (D:10)
  2 boulder beetles
  8 vault guards (D:13)
  7 hydras
  2 demonspawn (Orc:2)
  4 centaur warriors
  3 two-headed ogres
  7 orc high priests (Orc:2)
  A tengu warrior (D:13)
  11 death yaks
  Urug (D:12)
  A soul eater (Orc:2)
  A sixfirhy (Orc:1)
  A deep troll (D:8)
  2 bog bodies (Lair:3)
  A wizard (D:13)
  A lindwurm (Lair:4)
  A deep elf zephyrmancer (D:15)
  4 orc knights
  An oklob plant (Lair:4)
  6 deep elf pyromancers
  5 cyclopes
  A manticore (D:13)
  6 ugly things
  6 black mambas
  6 orc sorcerers
  15 elephants
  A cane toad (shapeshifter) (D:14)
  2 gargoyles (D:13)
  A torpor snail (Lair:5)
  2 ice statues (IceCv)
  An orange demon (Orc:2)
  2 molten gargoyles (Lair:5)
  10 cane toads
  Maggie (D:5)
  6 rime drakes
  An unseen horror (D:11)
  An efreet (D:14)
  4 kobold demonologists
  12 komodo dragons
  2 hellwings
  2 tengu conjurers
  7 trolls
  A queen bee (Lair:1)
  4 polar bears
  A hornet (D:10)
  Grinder (D:6)
  11 blink frogs
  8 slime creatures
  6 dream sheep (Lair:4)
  2 shadows
  A centaur simulacrum (D:14)
  3 wyverns
  Sigmund (D:6)
  4 wraiths
  A vampire (D:10)
  3 hogs (D:15)
  59 yaks
  3 basilisks
  A human (D:11)
  11 vampire mosquitoes
  5 steam dragons
  4 wargs
  3 swamp worms (Lair:3)
  An acid dragon (D:11)
  12 water moccasins
  4 hell hounds (Lair:5)
  2 black bears
  26 orc warriors
  An ice beast (D:5)
  8 ogres
  4 centaurs
  19 wolves
  2 phantoms
  7 kobold brigands
  A gnoll sergeant (D:7)
  12 bullfrogs
  2 necrophages
  2 scorpions
  5 wights
  2 lindwurm simulacra (IceCv)
  23 killer bees
  5 spriggan skeletons (D:11)
  A troll skeleton (D:11)
  2 electric eels
  A crimson imp (D:7)
  A howler monkey (D:9)
  5 lava snakes (Lair:5)
  8 komodo dragon simulacra (IceCv)
  3 hounds
  8 jellies
  19 orc priests
  3 iguanas
  7 orc wizards
  A boggart simulacrum (D:15)
  15 gnolls
  5 acid dragon simulacra (IceCv)
  7 adders
  A shadow imp (D:5)
  2 white imps
  6 steam dragon simulacra (IceCv)
  2 ufetubi
  2 worms (D:2)
  3 dart slugs
  63 orcs
  8 bats
  10 endoplasms
  3 giant cockroaches
  24 goblins
  11 hobgoblins
  11 jackals
  32 kobolds
  10 ball pythons
  4 frilled lizards
  5 rats
718 creatures vanquished.

Vanquished Creatures (collateral kills)
  A goblin (Bailey)
1 creature vanquished.

Vanquished Creatures (others)
  A human (D:15)
  An orc (D:9)
  36 fungi
  35 plants
73 creatures vanquished.

Grand Total: 792 creatures vanquished

Notes
Turn   | Place    | Note
-------+----------+-------------------------------------------
     0 | D:1      | Brecoman the Gnoll Transmuter began the quest for the Orb.
     0 | D:1      | Reached XP level 1. HP: 17/17 MP: 6/6
   332 | D:1      | Found a faded altar of an unknown god.
   378 | D:1      | Reached XP level 2. HP: 19/23 MP: 7/7
   383 | D:1      | Learned a level 2 spell: Wereblood
   647 | D:1      | Reached skill level 5 in Spellcasting
   647 | D:1      | Reached XP level 3. HP: 28/28 MP: 7/9
   971 | D:1      | Reached skill level 1 in Invocations
  1206 | D:2      | Found Toujamap's Armour Boutique.
  1494 | D:2      | Reached skill level 1 in Short Blades
  1494 | D:2      | Reached skill level 1 in Long Blades
  1494 | D:2      | Reached skill level 1 in Axes
  1494 | D:2      | Reached skill level 1 in Maces & Flails
  1494 | D:2      | Reached skill level 1 in Polearms
  1494 | D:2      | Reached skill level 1 in Staves
  1494 | D:2      | Reached skill level 1 in Ranged Weapons
  1494 | D:2      | Reached skill level 1 in Throwing
  1494 | D:2      | Reached skill level 1 in Armour
  1494 | D:2      | Reached skill level 1 in Stealth
  1494 | D:2      | Reached skill level 1 in Shields
  1494 | D:2      | Reached skill level 1 in Evocations
  1716 | D:2      | Reached XP level 4. HP: 31/34 MP: 9/11
  2213 | D:2      | Reached skill level 1 in Conjurations
  2213 | D:2      | Reached skill level 1 in Hexes
  2213 | D:2      | Reached skill level 1 in Summonings
  2213 | D:2      | Reached skill level 1 in Necromancy
  2213 | D:2      | Reached skill level 1 in Translocations
  2213 | D:2      | Reached skill level 1 in Fire Magic
  2213 | D:2      | Reached skill level 1 in Ice Magic
  2213 | D:2      | Reached skill level 1 in Air Magic
  2213 | D:2      | Reached skill level 1 in Earth Magic
  2213 | D:2      | Reached skill level 1 in Poison Magic
  2269 | D:3      | Identified the +1 robe "Ofaicuy" {rC+}
  2570 | D:3      | Reached XP level 5. HP: 40/40 MP: 10/12
  2755 | D:3      | Found a sacrificial altar of Ru.
  3004 | D:4      | Found Kabi's Armour Emporium.
  3004 | D:4      | Found Vytot's Assorted Antiques.
  3008 | D:4      | Found Ippom's Distillery.
  3013 | D:4      | Found Zienied's Assorted Antiques.
  3028 | D:4      | Bought a blackened ivory ring for 90 gold pieces
  3032 | D:4      | Bought a fuming ruby potion for 18 gold pieces
  3149 | D:4      | Reached XP level 6. HP: 43/47 MP: 12/14
  3176 | D:4      | Reached skill level 5 in Dodging
  3223 | D:4      | Found a stormy altar of Qazlal.
  3278 | D:4      | Found Ruowk's CLEARANCE SALE!.
  3692 | D:5      | Entered Level 5 of the Dungeon
  3810 | D:5      | Found a hide-covered altar of Uskayaw.
  3830 | D:5      | Became a worshipper of Uskayaw the Reveller
  3879 | D:5      | Noticed an ice beast
  4004 | D:5      | Reached * piety under Uskayaw
  4054 | D:5      | Found a shimmering altar of Xom.
  4235 | D:5      | Reached ** piety under Uskayaw
  4236 | D:5      | Reached XP level 7. HP: 52/52 MP: 13/15
  4307 | D:5      | Reached *** piety under Uskayaw
  4852 | D:6      | Noticed Maggie
  4869 | D:5      | Killed Maggie
  4870 | D:5      | Reached XP level 8. HP: 40/60 MP: 9/17
  5218 | D:6      | Noticed Grinder
  5219 | D:6      | Paralysed by Grinder for 2 turns
  5229 | D:6      | Killed Grinder
  5230 | D:6      | Reached skill level 5 in Transmutations
  5230 | D:6      | Reached XP level 9. HP: 60/66 MP: 13/18
  5442 | D:6      | Noticed Sigmund
  5455 | D:6      | Killed Sigmund
  5502 | D:6      | Reached skill level 5 in Fighting
  5592 | D:6      | Found a bloodstained altar of Trog.
  6476 | D:7      | Found a staircase to the Ecumenical Temple.
  6554 | D:7      | Found Empumoyz's Antique Weapon Emporium.
  6581 | D:7      | Found a transporter.
  6599 | D:7      | Found Coapau's Jewellery Boutique.
  6800 | D:7      | Found a shimmering blue altar of Sif Muna.
  6814 | D:7      | Reached skill level 5 in Invocations
  6821 | D:7      | Reached **** piety under Uskayaw
  6844 | D:7      | Found Tepneqateh's Weapon Boutique.
  6854 | D:7      | Found Ugeofed's Assorted Antiques.
  6970 | D:7      | Found Fyaqail's Assorted Antiques.
  7239 | D:7      | Found a burning altar of Makhleb.
  7417 | D:7      | Identified the ring of the King {rN+ Slay+3}
  7434 | D:7      | Found a transporter.
  7462 | D:7      | Noticed Shavain's ghost (novice DsCK)
  7919 | D:8      | Found a sparkling altar of Nemelex Xobeh.
  8149 | D:7      | HP: 4/102 [vampire mosquito (4)]
  8155 | D:7      | Reached skill level 5 in Short Blades
  8155 | D:7      | Reached skill level 5 in Long Blades
  8155 | D:7      | Reached skill level 5 in Axes
  8155 | D:7      | Reached skill level 5 in Maces & Flails
  8155 | D:7      | Reached skill level 5 in Polearms
  8155 | D:7      | Reached skill level 5 in Staves
  8155 | D:7      | Reached skill level 5 in Ranged Weapons
  8155 | D:7      | Reached skill level 5 in Throwing
  8155 | D:7      | Reached skill level 5 in Armour
  8155 | D:7      | Reached skill level 5 in Stealth
  8155 | D:7      | Reached skill level 5 in Shields
  8155 | D:7      | Reached skill level 5 in Evocations
  8155 | D:7      | Reached XP level 10. HP: 9/76 MP: 20/20
  8650 | D:8      | Reached ***** piety under Uskayaw
  8662 | D:8      | Reached ****** piety under Uskayaw
  8690 | D:8      | Learned a level 3 spell: Swiftness
  8694 | D:8      | Learned a level 3 spell: Call Canine Familiar
  8698 | D:8      | Learned a level 3 spell: Spider Form
  8703 | D:8      | Learned a level 4 spell: Ice Form
  8802 | D:8      | Found a staircase to the Lair.
  8912 | D:8      | Found a white marble altar of Elyvilon.
  8912 | D:8      | Found a blossoming altar of Fedhas.
  9421 | D:9      | Noticed a deep troll
  9457 | D:8      | Killed a deep troll
  9843 | D:9      | Identified the +1 chain mail "Vylann" {rF- rN+++ Slay+6}
  9866 | D:9      | Found the amulet of Vitality {RegenMP++ Regen++}
  9932 | D:9      | Found Jofy's Assorted Antiques.
 10268 | D:9      | Identified the +0 helmet of Springtime {MP-9 Int+5}
 10379 | D:10     | Entered Level 10 of the Dungeon
 10433 | D:10     | Identified a scroll of acquirement
 10433 | D:10     | Acquired the ring "Wost" {Wiz rF+++ rCorr Str-5}
 10462 | D:10     | Learned a level 5 spell: Blade Hands
 10485 | D:10     | Found a broken altar of Ashenzari.
 10620 | D:10     | Noticed a two-headed ogre
 10638 | D:10     | Killed a two-headed ogre
 10639 | D:10     | Reached skill level 5 in Conjurations
 10639 | D:10     | Reached skill level 5 in Hexes
 10639 | D:10     | Reached skill level 5 in Summonings
 10639 | D:10     | Reached skill level 5 in Necromancy
 10639 | D:10     | Reached skill level 5 in Translocations
 10639 | D:10     | Reached skill level 5 in Fire Magic
 10639 | D:10     | Reached skill level 5 in Ice Magic
 10639 | D:10     | Reached skill level 5 in Air Magic
 10639 | D:10     | Reached skill level 5 in Earth Magic
 10639 | D:10     | Reached skill level 5 in Poison Magic
 10639 | D:10     | Reached XP level 11. HP: 50/83 MP: 20/22
 10749 | D:10     | Found a flagged portal.
 10789 | Bailey   | Entered a bailey
 10795 | Bailey   | Noticed an orc warlord
 10861 | Bailey   | Found a runed translucent gate.
 10861 | Bailey   | Found a runed translucent gate.
 10863 | Bailey   | Found a runed translucent gate.
 11070 | Bailey   | Killed an orc warlord
 11139 | Bailey   | Reached XP level 12. HP: 92/92 MP: 24/24
 11207 | D:10     | Noticed Harold
 11586 | D:10     | Found an iron altar of Okawaru.
 11700 | D:10     | Killed Harold
 11719 | D:10     | Reached skill level 10 in Unarmed Combat
 11947 | D:11     | Learned a level 2 spell: Passwall
 11986 | Lair:1   | Entered Level 1 of the Lair of Beasts
 12318 | Lair:1   | Found a runed translucent gate.
 12318 | Lair:1   | Found a runed translucent gate.
 12328 | Lair:1   | Found a runed translucent gate.
 12564 | Lair:1   | You fall into a shaft and drop 1 floor!
 12739 | Lair:2   | Reached XP level 13. HP: 99/99 MP: 26/26
 14031 | Lair:3   | Found a hole to the Spider Nest.
 14288 | Lair:3   | Identified the +5 shortbow "Iheopol" {venom, Fragile Fly
                  | Stlth+}
 14474 | Lair:2   | Reached skill level 10 in Spellcasting
 15198 | Lair:3   | Reached skill level 10 in Dodging
 15243 | Lair:3   | Found a staircase to the Swamp.
 15527 | D:4      | Bought the +4 plate armour "Fiumidua" {Str+5 Dex+4 SInv}
                  | for 877 gold pieces
 16123 | Lair:4   | Found a staircase to the Slime Pits.
 16320 | Lair:4   | Reached XP level 14. HP: 48/108 MP: 21/28
 16366 | Lair:3   | Upgraded the game from 0.29.0-15-g675c0067aa to 0.29.1
 16673 | Lair:4   | Reached skill level 10 in Invocations
 17009 | Lair:4   | Found a runed translucent door.
 17287 | Lair:5   | Entered Level 5 of the Lair of Beasts
 17496 | Lair:5   | Found a frozen archway.
 17538 | IceCv    | Entered an ice cave
 17569 | IceCv    | Gained mutation: Armour fits poorly on your strangely
                  | shaped body. [mutagenic glow]
 17589 | IceCv    | Gained mutation: You are clumsy. (Dex -2) [mutagenic glow]
 17598 | IceCv    | Gained mutation: You occasionally lose the ability to read
                  | scrolls when taking damage. [mutagenic glow]
 17636 | IceCv    | Gained mutation: Potions are less effective at restoring
                  | your health. [mutagenic glow]
 17667 | IceCv    | Gained mutation: Your body sometimes deteriorates upon
                  | taking damage. [mutagenic glow]
 18117 | Lair:3   | Lost mutation: Armour fits poorly on your strangely shaped
                  | body. [potion of mutation]
 18117 | Lair:3   | Lost mutation: You are clumsy. (Dex -2) [potion of
                  | mutation]
 18117 | Lair:3   | Lost mutation: You occasionally lose the ability to read
                  | scrolls when taking damage. [potion of mutation]
 18117 | Lair:3   | Gained mutation: You are partially covered in iridescent
                  | scales. (AC +2) [potion of mutation]
 18117 | Lair:3   | Gained mutation: Your muscles are strong. (Str +4, Int/Dex
                  | -1) [potion of mutation]
 18117 | Lair:3   | Gained mutation: Your spells are a little harder to cast,
                  | but a little more powerful. [potion of mutation]
 18750 | Lair:5   | Reached skill level 10 in Fighting
 19258 | Lair:5   | Found a large runed translucent door.
 19591 | Lair:5   | Reached skill level 10 in Short Blades
 19591 | Lair:5   | Reached skill level 10 in Long Blades
 19591 | Lair:5   | Reached skill level 10 in Axes
 19591 | Lair:5   | Reached skill level 10 in Maces & Flails
 19591 | Lair:5   | Reached skill level 10 in Polearms
 19591 | Lair:5   | Reached skill level 10 in Staves
 19591 | Lair:5   | Reached skill level 10 in Ranged Weapons
 19591 | Lair:5   | Reached skill level 10 in Throwing
 19591 | Lair:5   | Reached skill level 10 in Armour
 19591 | Lair:5   | Reached skill level 10 in Stealth
 19591 | Lair:5   | Reached skill level 10 in Shields
 19591 | Lair:5   | Reached skill level 10 in Evocations
 19608 | Lair:5   | Found a large runed translucent door.
 19998 | D:11     | Reached XP level 15. HP: 101/116 MP: 30/30
 20079 | D:11     | Found a staircase to the Orcish Mines.
 20905 | D:12     | Noticed Urug
 20919 | D:12     | Killed Urug
 20946 | D:11     | Acquired 769 gold pieces
 21005 | D:9      | Bought a murky yellow potion for 27 gold pieces
 21005 | D:9      | Bought a transparent bone amulet for 150 gold pieces
 21005 | D:9      | Identified the amulet of Xiheduaffu {Reflect Str+4 SH+5}
                  | (You bought it in a shop on level 9 of the Dungeon)
 21840 | Orc:1    | Entered Level 1 of the Orcish Mines
 21864 | Orc:2    | Entered Level 2 of the Orcish Mines
 23600 | Orc:2    | HP: 4/115 [orc knight/+0 dire flail (27)]
 24165 | Orc:1    | Paralysed by an orc sorcerer for 2 turns
 24214 | Orc:1    | Found Roix's Weapon Shoppe.
 24265 | Orc:1    | Found Zyettunu's Gadget Gallery.
 24281 | Orc:1    | Bought a wand of acid (6) for 378 gold pieces
 24281 | Orc:1    | Bought a wand of acid (5) for 315 gold pieces
 24395 | Orc:2    | Found Denehipne's Distillery.
 24398 | Orc:2    | Found Qasuexo's Magic Scroll Emporium.
 24798 | Orc:2    | Found a staircase to the Elven Halls.
 25495 | Orc:2    | Found Pibacsia's Jewellery Shop.
 25495 | Orc:2    | Found a one-way gate leading to the halls of Pandemonium.
 25495 | Orc:2    | Found Okej Wom's Antique Weapon Boutique.
 25950 | Orc:2    | Bought a potion of resistance for 130 gold pieces
 26066 | D:7      | Bought a scroll labelled RAECAE YBERU for 21 gold pieces
 26170 | D:4      | Bought 2 scrolls of teleportation for 108 gold pieces
 26170 | D:4      | Bought a potion of haste for 180 gold pieces
 26170 | D:4      | Bought 2 potions of heal wounds for 180 gold pieces
 26170 | D:4      | Bought a scroll of magic mapping for 135 gold pieces
 26470 | D:13     | Got the Omnibus of Dhcmrlchtdj
 26478 | D:13     | Got Ts'ui Pên's Encyclopedia of Forking Paths
 26484 | D:13     | Learned a level 4 spell: Hailstorm
 26490 | D:13     | Got the Volume of Axaxaxas mlö
 26498 | D:13     | Learned a level 5 spell: Alistair's Intoxication
 26660 | D:13     | Found Ofafrean's Distillery.
 26672 | D:13     | Bought a potion of haste for 170 gold pieces
 26672 | D:13     | Bought a potion of mutation for 136 gold pieces
 26672 | D:13     | Bought a potion of mutation for 136 gold pieces
 26672 | D:13     | Bought a potion of heal wounds for 85 gold pieces
 26797 | D:13     | Reached XP level 16. HP: 103/125 MP: 31/31
 26856 | D:13     | Reached skill level 10 in Transmutations
 26861 | D:13     | Gained mutation: You are frail. (-10% HP) [mutagenic glow]
 26876 | D:13     | Lost mutation: Your muscles are strong. (Str +4, Int/Dex
                  | -1) [mutagenic glow]
 26904 | D:12     | Gained mutation: Your body often deteriorates upon taking
                  | damage. [mutagenic glow]
 27180 | D:13     | Found a gate to the Vaults.
 27371 | D:13     | Found Ofafrean's Distillery.
 27469 | D:13     | Found a gate to the Vaults.
 27948 | D:13     | Bought a potion of brilliance for 68 gold pieces
 27968 | D:14     | Found Tuxael's Assorted Antiques.
 28294 | D:14     | Found Qesump's Magic Scroll Emporium.
 28379 | D:14     | Found Vuts's General Store.
 28479 | D:14     | Found Koifypt's Antique Armour Shop.
 28737 | D:15     | Entered Level 15 of the Dungeon
 28755 | D:15     | Noticed Kirke
 28790 | D:15     | Killed Kirke
 28976 | D:15     | HP: 5/135 [six-headed hydra (8)]
 28977 | D:15     | Slain by a six-headed hydra

Illustrated notes

Levels and vault maps discovered:
D:1:      matt_arrival_spirals, layout_loops_ring,
          ebering_ecumenical_altar_sacrificial
D:2:      layout_loops_corners, serial_shops, shop
D:3:      layout_rooms, nicolae_ru_the_path_less_chosen
D:4:      layout_loops_ring, nicolae_qazlal_eye_of_the_storm,
          minmay_shop_grid_forest, nicolae_shop_clearance
D:5:      layout_basic, overflow_temple_1_default, mainiacjoe_overflow_boulevard
D:6:      minmay_diamond_boxcup, layout_basic, trog_hazing_becter,
          serial_aquarium, aquarium_bridge_square [aquarium_subvault_wall,
          aquarium_subvault_bridge, aquarium_subvault_bridge,
          aquarium_subvault_wall], aquarium_bridge_straight
          [aquarium_subvault_bridge, aquarium_subvault_wall,
          aquarium_subvault_bridge, aquarium_subvault_window],
          aquarium_window_1, aquarium_window_corridor_3, aquarium_view_2f,
          aquarium_view_2c, aquarium_balcony_3b, aquarium_pool_S,
          chequers_serial_rivers_small_b, uniq_sigmund, uniq_maggie,
          uniq_grinder
D:7:      statuecave_lemuel, layout_loops_cross, mainiacjoe_overflow_catwalk,
          makhleb_grotto_becter, minmay_temple_entry_wispy, serial_shops,
          kennysheep_mini, shop, shop_fountains, nicolae_shop_statue_plus, shop,
          gammafunk_ghost_gnarly_gnolls, hangedman_decor_diamond_cutter,
          hangedman_decor_lopped, minmay_misc_feat_enclosed,
          hangedman_abyss_or_decor_stagger
D:8:      layout_basic, lemuel_round_altar, mainiacjoe_overflow_divided_tiny,
          lair_entry_dummy
D:9:      layout_irregular_city, serial_shops, nicolae_take_the_stairs,
          hellmonk_guarded_unrand_vitality_bloodlust
D:10:     layout_cave_pools, okawaru_altar_gauntlet_db, lemuel_doored_altar,
          enter_bailey_5, minivault_25, minivault_25_ag, grunt_ministairs_13,
          uniq_harold
D:11:     layout_loops_cross, erik_orc_4, hangedman_tell_no_tales
D:12:     layout_cave_pools, uniq_urug
D:13:     layout_roguey, erik_vaults_2, nicolae_stop_n_shop_2,
          bh_hangedman_babel_library
D:14:     layout_roguey, serial_shops,
          nicolae_shop_temple_entry_statues_fountains, kennysheep_mini_moat,
          shop_statue, nicolae_lakefront_shop, minmay_misc_feat_more_columns
D:15:     grunt_enter_depths_snipers, layout_basic, serial_corexii_hall,
          chequers_hall_statues_corner_a, corexii_hall_statues_t,
          chequers_hall_statues_wall_a, chequers_serial_rivers_room_b,
          uniq_kirke
Lair:1:   layout_cave_pods, gammafunk_ghost_icy, serial_bayou_pond_e,
          serial_bayou_lagoon_a, chequers_serial_rivers_marsh
Lair:2:   layout_loops_ring, special_room [special_room_bee], minivault_27
Lair:3:   nzn_winding_woodlands_small [nzn_winding_woodlands_5x15_twine,
          nzn_winding_woodlands_center_garden,
          nzn_winding_woodlands_5x15_crooked], layout_hall_layers,
          nicolae_swamp_entry_splash_gauntlet, dummy_spider_entry,
          hangedman_lair_unloving_vines, chequers_serial_rivers_room_a,
          lemuel_old_faithful
Lair:4:   gammafunk_mikee_crab_dinner, layout_cave_pods,
          nicolae_slime_entry_slimehenge, infiniplex_staircase_pool
Lair:5:   cheibrodos_lair_end_hotspot, layout_small_grid,
          portal_ice_cave_entry_pillars_1, serial_bayou_pond_a,
          chequers_serial_rivers_room_a, nicolae_quartered_pool_impasse
Orc:1:    layout_diamond_mine, serial_shops, shop, nicolae_shop_gadgets
Orc:2:    pf_orc_diabolical, layout_caves

Skill      XL: |  1  2  3  4  5  6  7  8  9 10 11 12 13 14 15 16 |
---------------+-------------------------------------------------+-----
Spellcasting   | 5 6 7 8 9 10 11 12 | 12.2
Invocations    | 1 2 3 4 5 6 7 8 9 10 11 12 | 12.2
Short Blades   | 1 2 3 5 6 7 8 9 10 11 | 11.2
Long Blades    | 1 2 3 5 6 7 8 9 10 11 | 11.2
Axes           | 1 2 3 5 6 7 8 9 10 11 | 11.2
Maces & Flails | 1 2 3 5 6 7 8 9 10 11 | 11.2
Polearms       | 1 2 3 5 6 7 8 9 10 11 | 11.2
Staves         | 1 2 3 5 6 7 8 9 10 11 | 11.2
Ranged Weapons | 1 2 3 5 6 7 8 9 10 11 | 11.2
Throwing       | 1 2 3 5 6 7 8 9 10 11 | 11.2
Armour         | 1 2 3 5 6 7 8 9 10 11 | 11.2
Stealth        | 1 2 3 5 6 7 8 9 10 11 | 11.2
Shields        | 1 2 3 5 6 7 8 9 10 11 | 11.2
Evocations     | 1 2 3 5 6 7 8 9 10 11 | 11.2
Conjurations   | 1 2 3 4 5 6 7 8 9 |  9.5
Hexes          | 1 2 3 4 5 6 7 8 9 |  9.5
Summonings     | 1 2 3 4 5 6 7 8 9 |  9.5
Necromancy     | 1 2 3 4 5 6 7 8 9 |  9.5
Translocations | 1 2 3 4 5 6 7 8 9 |  9.5
Fire Magic     | 1 2 3 4 5 6 7 8 9 |  9.5
Ice Magic      | 1 2 3 4 5 6 7 8 9 |  9.5
Air Magic      | 1 2 3 4 5 6 7 8 9 |  9.5
Earth Magic    | 1 2 3 4 5 6 7 8 9 |  9.5
Poison Magic   | 1 2 3 4 5 6 7 8 9 |  9.5
Fighting       | 3 4 5 6 7 8 9 10 11 | 11.5
Transmutations | 4 5 6 7 8 9 10 | 10.2
Dodging        | 5 6 7 8 9 10 11 12 | 12.1
Unarmed Combat | 7 8 9 10 11 12 | 12.9

Action                   |  1- 3 |  4- 6 |  7- 9 | 10-12 | 13-15 | 16-18 || total
-------------------------+-------+-------+-------+-------+-------+-------++-------
Melee: Unarmed           |   116 |   147 |   255 |   393 |  1412 |   228 ||  2551
       Kick              |     8 |    39 |    72 |    70 |   296 |    76 ||   561
       Headbutt          |     2 |    21 |    43 |    35 |   181 |    47 ||   329
       Bite              |     6 |     5 |    36 |    41 |   203 |    29 ||   320
       Punch             |     1 |     6 |    13 |    29 |    29 |     4 ||    82
Throw: Boomerang         |       |       |    34 |    19 |    23 |       ||    76
       Dart              |       |       |     5 |     9 |       |       ||    14
       Javelin           |       |       |       |     2 |       |       ||     2
       Stone             |       |       |       |     1 |       |       ||     1
 Cast: Beastly Appendage |     9 |    28 |    34 |    20 |    54 |    11 ||   156
       Wereblood         |     3 |     1 |     1 |     5 |       |       ||    10
       Spider Form       |       |       |       |     3 |       |       ||     3
       Blade Hands       |       |       |       |    17 |    43 |     4 ||    64
       Call Canine Famil |       |       |       |     1 |     1 |       ||     2
       Ice Form          |       |       |       |     2 |    14 |     4 ||    20
       Hailstorm         |       |       |       |       |       |     4 ||     4
Invok: Stomp             |       |       |     4 |     1 |    24 |     2 ||    31
       Line Pass         |       |       |    10 |     3 |     7 |     3 ||    23
       Grand Finale      |       |       |       |       |     3 |       ||     3
 Abil: End Transformatio |       |       |       |     1 |     1 |     2 ||     4
Evoke: Phial of floods   |       |       |       |     1 |       |       ||     1
       Wand              |       |       |       |       |     1 |       ||     1
  Use: Scroll            |       |    14 |    10 |     9 |     6 |     2 ||    41
       Potion            |       |       |     6 |     3 |     9 |     6 ||    24
 Stab: Sleeping          |     1 |       |     3 |     3 |     1 |       ||     8
       Paralysed         |       |       |     6 |    24 |    88 |    18 ||   136
       Confused          |       |       |     2 |       |     2 |       ||     4
       Distracted        |       |       |       |       |     1 |       ||     1
Armor: Robe              |     7 |       |       |       |       |       ||     7
       Ring mail         |    45 |    53 |     7 |       |       |       ||   105
       Swamp dragon scal |       |       |    83 |   101 |    45 |       ||   229
       Skin              |       |       |    30 |    19 |   115 |    16 ||   180
       Chain mail        |       |       |       |     1 |       |       ||     1
       Plate armour      |       |       |       |       |   674 |   105 ||   779
Dodge: Dodged            |    71 |    89 |   173 |   200 |   698 |    81 ||  1312
Block: Buckler           |       |       |       |       |   339 |    47 ||   386
       Other             |       |       |       |       |    47 |       ||    47
       Reflection        |       |       |       |       |     6 |       ||     6
